 Dungeon Crawl Stone Soup version 0.27-a0-1051-g288ea87c7c (webtiles) character file.

Game seed: 10716268088747562499

87 rageheart7 the Magician (level 4, -4/32 HPs)
             Began as a Gnoll Wanderer on Apr 21, 2021.
             Slain by an orc
             ... wielding a +0 mace
              (6 damage)
             ... on level 3 of the Dungeon.
             The game lasted 00:02:33 (2398 turns).

rageheart7 the Magician (Gnoll Wanderer)            Turns: 2398, Time: 00:02:34

Health: -4/32      AC:  2    Str: 15    XL:     4   Next: 51%
Magic:  8/11       EV: 11    Int: 12    God:
Gold:   92         SH:  0    Dex:  8    Spells: 9/13 levels left

rFire    . . .     SeeInvis .   a - +0 short sword
rCold    . . .     Faith    .   (no shield)
rNeg     . . .     Spirit   .   d - +0 robe
rPois    .         Reflect  .   (no helmet)
rElec    .         Harm     .   (no cloak)
rCorr    .         Rampage  .   (no gloves)
Will     .....                  (no boots)
Stlth    ++........             (no amulet)
HPRegen  0.10/turn              m - ring of flight
MPRegen  0.12/turn              (no ring)

@: flying, very slightly contaminated
A: fangs 1, strong nose, distributed training
a: no special abilities


You were on level 3 of the Dungeon.
You visited 1 branch of the dungeon, and saw 3 of its levels.

You collected 92 gold pieces.

Inventory:

Hand Weapons
 a - a +0 short sword (weapon)
 e - a +0 dagger
 i - a +0 quarterstaff
Missiles
 c - 78 stones
Armour
 d - a +0 robe (worn)
Jewellery
 m - a ring of flight (left hand)
Scrolls
 f - a scroll of fog {unknown}
 h - a scroll of identify {unknown}
 l - 2 scrolls of immolation {unknown}
 n - a scroll of enchant weapon {unknown}
Potions
 b - a potion of mutation {unknown}
 j - a potion of flight
 k - a potion of haste {unknown}


   Skills:
 + Level 1.1 Fighting
 + Level 4.6 Short Blades
 + Level 1.1 Long Blades
 + Level 1.1 Axes
 + Level 1.1 Maces & Flails
 + Level 1.1 Polearms
 + Level 1.1 Staves
 + Level 1.1 Slings
 + Level 1.1 Bows
 + Level 1.1 Crossbows
 + Level 1.1 Throwing
 + Level 1.1 Armour
 + Level 1.1 Dodging
 + Level 4.2 Stealth
 + Level 1.1 Shields
 + Level 1.1 Unarmed Combat
 + Level 5.1 Spellcasting
 + Level 0.9 Conjurations
 + Level 0.9 Hexes
 + Level 0.9 Summonings
 + Level 0.9 Necromancy
 + Level 0.9 Translocations
 + Level 0.9 Transmutations
 + Level 2.2 Fire Magic
 + Level 0.9 Ice Magic
 + Level 0.9 Air Magic
 + Level 3.8 Earth Magic
 + Level 0.9 Poison Magic
 + Level 1.2 Invocations
 + Level 2.7 Evocations


You had 9 spell levels left.
You knew the following spells:

 Your Spells              Type           Power      Damage    Failure   Level
a - Sandblast             Erth           24%        2d8       4%          1
b - Stone Arrow           Conj/Erth      16%        3d8       22%         3

Your spell library contained the following spells:

 Spells                   Type           Power      Damage    Failure   Level
 Passwall                 Tmut/Erth      6%         N/A       11%         2
 Petrify                  Tmut/Erth      8%         N/A       58%         4
 Lee's Rapid Deconstruct  Erth           6%         3d7*      75%         5


Dungeon Overview and Level Annotations

Branches:
Dungeon (3/15)

Altars:

Shops:
D:2 ?


Innate Abilities, Weirdness & Mutations

You have very sharp teeth.
Your uncanny sense of smell can sniff out nearby items.
Your experience applies equally to all skills.


Message History

You hit the orc.
The orc is lightly wounded.
The orc barely misses you.
You barely miss the orc. You bite the orc, but do no damage.
The orc is lightly wounded.
The orc barely misses you.
Aiming: Sandblast (safe; 4% risk of failure)
Press: ? - help, Q - select action, (/) - cycle Shift-Dir - straight line, f/p - orc
Aim: an orc, wielding a +0 war axe and wearing a +0 leather armour (lightly wounded, 79% to hit)
The blast of sand hits the orc.
The orc is almost dead.
The orc hits you with a +0 war axe!
* * * LOW HITPOINT WARNING * * *
It was a potion of flight.
You feel more buoyant. The orc barely misses you.
It was a potion of magic.
Magic courses through your body. The orc hits you but does no damage.
Your magical contamination has completely faded away.
Aiming: Sandblast (safe; 4% risk of failure)
Press: ? - help, Q - select action, (/) - cycle Shift-Dir - straight line, f/p - orc
Aim: an orc, wielding a +0 war axe and wearing a +0 leather armour (almost dead, 79% to hit)
The blast of sand hits the orc!
You kill the orc!
Aiming: Sandblast (safe; 4% risk of failure)
Press: ? - help, Q - select action, (/) - cycle Shift-Dir - straight line, f - orc
Aim: an orc, wielding a +0 short sword and wearing a +0 scale mail (82% to hit)
You miscast Sandblast.
You are very lightly contaminated with residual magic.
Nothing appears to happen.
You hear some strange, mumbled words.
Something tries to affect you, but you resist.
Aiming: Sandblast (safe; 4% risk of failure)
Press: ? - help, Q - select action, (/) - cycle Shift-Dir - straight line, f/p - orc
Aim: an orc, wielding a +0 short sword and wearing a +0 scale mail (82% to hit)
The blast of sand hits something!
Reactivating autopickup.
You feel a bit more experienced. The orc hits you with a +0 mace.
You die...

#.....# .......# #.#.###
.......# #.#..# #......#
####.#..# #......# #....#.#.#
#+# ######......# #.####)#.#
#.###...........#
#.###..#####..##.............
#.##...........##........#...
#.'...⌠..>..⌠..@oo########∆..
####...........#### #
##..#####..## ###.# #.#.##
#.#'###.#.# #.........#
###########


You could see 2 orcs.

Vanquished Creatures
  An orc priest (D:3)
  An orc wizard (D:3)
  A worm (D:2)
  A dart slug (D:1)
  2 orcs (D:3)
  6 endoplasms
  2 giant cockroaches
  3 goblins
  5 hobgoblins
  5 quokkas
  6 ball pythons
  2 bats
  A frilled lizard (D:1)
  9 kobolds
  3 rats
48 creatures vanquished.

Notes
Turn   | Place    | Note
-------+----------+-------------------------------------------
     0 | D:1      | rageheart7 the Gnoll Wanderer began the quest for the Orb.
     0 | D:1      | rageheart7 set off with the following items: a +0 short
                  | sword, a +0 robe, a +0 dagger; and the following spell
                  | memorised: Sandblast; and the following spells available to
                  | memorise: Passwall, Stone Arrow, Petrify, Lee's Rapid
                  | Deconstruction
     0 | D:1      | Reached XP level 1. HP: 13/13 MP: 6/6
   271 | D:1      | Reached XP level 2. HP: 18/19 MP: 7/7
   927 | D:1      | Reached XP level 3. HP: 25/25 MP: 7/9
   986 | D:1      | Reached skill level 5 in Spellcasting
  1551 | D:2      | Reached skill level 1 in Invocations
  1717 | D:2      | Learned a level 3 spell: Stone Arrow
  1964 | D:2      | Found a faded altar of an unknown god.
  2065 | D:2      | Found Sior's Magic Scroll Boutique.
  2069 | D:2      | Reached skill level 1 in Fighting
  2069 | D:2      | Reached skill level 1 in Long Blades
  2069 | D:2      | Reached skill level 1 in Axes
  2069 | D:2      | Reached skill level 1 in Maces & Flails
  2069 | D:2      | Reached skill level 1 in Polearms
  2069 | D:2      | Reached skill level 1 in Staves
  2069 | D:2      | Reached skill level 1 in Slings
  2069 | D:2      | Reached skill level 1 in Bows
  2069 | D:2      | Reached skill level 1 in Crossbows
  2069 | D:2      | Reached skill level 1 in Throwing
  2069 | D:2      | Reached skill level 1 in Armour
  2069 | D:2      | Reached skill level 1 in Dodging
  2069 | D:2      | Reached skill level 1 in Shields
  2069 | D:2      | Reached skill level 1 in Unarmed Combat
  2387 | D:3      | Reached XP level 4. HP: 23/32 MP: 3/11
  2398 | D:3      | Slain by an orc

Illustrated notes

Levels and vault maps discovered:
D:1:      dpeg_arrival_refuge, layout_basic, minmay_misc_feat_ornament,
          minmay_pentomino_s2
D:2:      layout_basic, serial_shops, shop,
          hellmonk_ecumenical_altar_leap_of_faith, minmay_misc_feat_tower,
          minmay_misc_feat_cross
D:3:      layout_basic, serial_shops, shop, grunt_ministairs_15

Skill      XL: |  1  2  3 |
---------------+----------+-----
Fire Magic     | 2 |  2.2
Spellcasting   | 5 |  5.1
Invocations    | 1 |  1.2
Fighting       | 1 |  1.1
Long Blades    | 1 |  1.1
Axes           | 1 |  1.1
Maces & Flails | 1 |  1.1
Polearms       | 1 |  1.1
Staves         | 1 |  1.1
Slings         | 1 |  1.1
Bows           | 1 |  1.1
Crossbows      | 1 |  1.1
Throwing       | 1 |  1.1
Armour         | 1 |  1.1
Dodging        | 1 |  1.1
Shields        | 1 |  1.1
Unarmed Combat | 1 |  1.1
Short Blades   | |  4.6
Stealth        | |  4.2
Conjurations   | |  0.9
Hexes          | |  0.9
Summonings     | |  0.9
Necromancy     | |  0.9
Translocations | |  0.9
Transmutations | |  0.9
Ice Magic      | |  0.9
Air Magic      | |  0.9
Earth Magic    | |  3.8
Poison Magic   | |  0.9
Evocations     | |  2.7

Action                   |  1- 3 |  4- 6 || total
-------------------------+-------+-------++-------
Melee: Short sword       |    75 |     3 ||    78
       Bite              |     4 |     1 ||     5
 Cast: Sandblast         |    34 |     5 ||    39
  Use: Potion            |       |     2 ||     2
 Stab: Sleeping          |    10 |       ||    10
Armor: Robe              |    15 |     1 ||    16
Dodge: Dodged            |    33 |     4 ||    37

Table legend: (Time is in decaauts)
 A = Elapsed time spent in this place.
 B = Non-inter-level travel time spent in this place.
 C = Inter-level travel time spent in this place.
 D = Time resting spent in this place.
 E = Time spent auto-exploring this place.
 F = Levels seen in this place.
 G = Mean time per level.
                   A        B        C        D        E       F      G
               +--------+--------+--------+--------+--------+-----+--------+
         Total |   2387 |   2346 |     41 |      0 |   2057 |   3 |  795.7 |
       Dungeon |   2387 |   2346 |     41 |      0 |   2057 |   3 |  795.7 |
               +--------+--------+--------+--------+--------+-----+--------+

Top non-repeatable levels by time:
     D:1: 1454 daAuts
     D:2: 823 daAuts
     D:3: 109 daAuts
